 Dungeon Crawl Stone Soup version 0.32-a0-666-ge8a88695a4 (webtiles) character file.

Game seed: 14959312978698998027

125429 dolemite99 the Fighter (level 16, -3/117 (163) HPs)
             Began as a Troll Shapeshifter on Mar 9, 2024.
             Was the Champion of Ru.
             Succumbed to a redback's poison
             ... on level 3 of the Spider Nest.
             The game lasted 00:33:50 (34738 turns).

dolemite99 the Fighter (Troll Shapeshifter)        Turns: 34738, Time: 00:33:51

HP:   -3/117 (163)  AC: 27    Str: 27 (30) XL:     16   Next: 41%
MP:   9/15          EV:  5    Int: -1 (4)  God:    Ru [******]
Gold: 3285          SH: 19    Dex:  6 (7)  Spells: 15/15 levels left

rFire   . .          .
                       - Unarmed
rCold   . . .        v - +0 tower shield
rNeg    . . .        D - +7 storm dragon scales
rPois   +            (helmet currently unavailable)
rElec   +            (cloak currently unavailable)
rCorr   .            (gloves unavailable)
SInv    .            (boots unavailable)
Will    +....        S - amulet of reflection Stlth
                     V - +4 ring of protection
HPRegen 1.19/turn    M - ring of poison resistance
MPRegen 0.14/turn

%: reflection
@: lethally poisoned (-3 -> -15), beast-form, horrified, slowed, lost
intelligence, very heavily drained, unable to read, very slow
A: beast (slay +4), large, unfitting armour, claws 3, clumsy 1, dopey 2,
regeneration 1, shaggy fur 1, tough skin 1, no stealth, inability to use
devices, cowardly, unskilled 1
a: Begin Untransformation, Renounce Religion, Draw Out Power, Power Leap,
Apocalypse


You were on level 3 of the Spider Nest.
You worshipped Ru.
Ru was exalted by your worship.
You were a hulking beast.
You visited 4 branches of the dungeon, and saw 26 of its levels.
You also visited: Bailey.

You collected 3808 gold pieces.
You spent 523 gold pieces at shops.

Inventory:

Hand Weapons
 K - the +7 spear of Xoxeq Podd {flame, ^Contam Str+3 Int+7 Dex-5}
   (You found it on level 8 of the Dungeon)

   Str+3:     It affects your strength (+3).
   Int+7:     It affects your intelligence (+7).
   Dex-5:     It affects your dexterity (-5).
   ^Contam:   It causes magical contamination when unequipped.
Missiles
 h - 11 javelins
 q - 6 poisoned darts (quivered)
 s - 3 boomerangs
 L - 9 throwing nets
Armour
 j - a +0 cloak
 v - a +0 tower shield (worn)
 D - +7 storm dragon scales (worn)
Magical Staves
 C - a staff of death
 I - a staff of cold
Jewellery
 k - a +6 ring of strength
 w - a ring of protection from fire
 F - a +5 ring of evasion
 M - a ring of poison resistance (right claw)
 Q - a ring of resist corrosion
 S - an amulet of reflection (around neck)
 V - a +4 ring of protection (left claw)
Talismans
 c - a beast talisman (active)
 d - a flux talisman
Scrolls
 a - 2 scrolls of silence
 g - 3 scrolls of vulnerability
 l - a scroll of revelation
 n - 5 scrolls of identify {@r1}
 o - 10 scrolls of teleportation
 r - 2 scrolls of immolation
 x - a scroll of enchant weapon
 y - 3 scrolls of fear
 A - a scroll of noise
 E - 2 scrolls of amnesia
 H - a scroll of torment
 R - 3 scrolls of fog
Potions
 b - 4 potions of attraction
 e - 2 potions of might
 f - a potion of ambrosia
 m - 5 potions of curing
 p - 3 potions of resistance
 t - 4 potions of enlightenment
 u - 3 potions of brilliance
 z - a potion of invisibility
 G - 5 potions of lignification
 J - 3 potions of mutation
 N - a potion of berserk rage {unknown}
 O - 2 potions of haste
 P - a potion of magic {unknown}


   Skills:
 - Level 11.5 Fighting
 + Level 10.7 Throwing
 - Level 10.2 Armour
 - Level 1.3 Dodging
 - Level 11.4 Shields
 - Level 10.1 Unarmed Combat
 - Level 9.0 Shapeshifting


You had 15 spell levels left.
You didn't know any spells.
Your spell library contained the following spells:

 Spells                   Type           Power      Damage    Failure   Level
 Foxfire                  Conj/Fire      0%         2x1d4     100%        1
 Sandblast                Erth           0%         2d4       100%        1
 Shock                    Conj/Air       0%         1d3       100%        1
 Slow                     Hex            0%         N/A       100%        1
 Jinxbite                 Hex            0%         N/A       100%        2
 Mercury Vapours          Alch/Air       0%         N/A       100%        2
 Scorch                   Fire           0%         2d5       100%        2
 Confusing Touch          Hex            0%         N/A       100%        3
 Dazzling Flash           Conj/Hex       0%         N/A       100%        3
 Fugue of the Fallen      Necr           0%         N/A       100%        3
 Mephitic Cloud           Conj/Alch/Air  0%         N/A       100%        3
 Ozocubu's Armour         Ice            0%         N/A       100%        3
 Passwall                 Erth           0%         N/A       100%        3
 Sigil of Binding         Hex            0%         N/A       100%        3
 Stone Arrow              Conj/Erth      0%         3d7       100%        3
 Swiftness                Air            0%         N/A       100%        3
 Tukima's Dance           Hex            0%         N/A       100%        3
 Vampiric Draining        Necr           0%         2d6       100%        3
 Airstrike                Air            0%         2d(0-16)  100%        4
 Animate Armour           Summ/Erth      0%         N/A       100%        4
 Brom's Barrelling Bould  Conj/Erth      0%         2d3       100%        4
 Flame Wave               Conj/Fire      0%         2d4       100%        4
 Manifold Assault         Tloc           0%         N/A       100%        4
 Passage of Golubria      Tloc           0%         N/A       100%        4
 Vhi's Electric Charge    Tloc/Air       0%         N/A       100%        4
 Arcjolt                  Conj/Air       0%         1d10      100%        5
 Curse of Agony           Necr           0%         N/A       100%        5
 Freezing Cloud           Conj/Ice/Air   0%         6-21      100%        5
 Silence                  Hex/Air        0%         N/A       100%        5
 Yara's Violent Unravell  Hex/Alch       0%         3d3       100%        5
 Dispersal                Tloc           0%         N/A       100%        6
 Plasma Beam              Fire/Air       0%         2x1d10    100%        6
 Starburst                Conj/Fire      0%         6d3       100%        6
 Summon Cactus Giant      Summ           0%         N/A       100%        6
 Enfeeble                 Hex            0%         N/A       100%        7
 Haunt                    Necr/Summ      0%         N/A       100%        7
 Borgnjor's Revivificati  Necr           0%         N/A       100%        8
 Disjunction              Tloc           0%         N/A       100%        8
 Lehudib's Crystal Spear  Conj/Erth      0%         10d2      100%        8
 Death's Door             Necr           0%         N/A       100%        9


Dungeon Overview and Level Annotations

Branches:
Dungeon (15/15)            Temple (0/1) D:4            Lair (5/5) D:10
 Shoals (0/4) Lair:3       Spider (4/4) Lair:3        Slime (0/5) Lair:4
    Orc (2/2) D:12            Elf (0/3) Orc:2        Vaults (0/5) D:14
 Depths (0/4) D:15         Bailey (visited)

Altars:
Fedhas
Kikubaaqudgha
Nemelex Xobeh
Okawaru
Qazlal
Ru
Trog
Uskayaw
Vehumet
Wu Jian
Yredelemnul
The Shining One
Beogh
Jiyva

Shops:
D:2 (   D:9 [   D:13 :   Orc:2 ?:*(

Portals:
Abyss: Orc:1
Pandemonium: Orc:2

Annotations:
D:10 2 transporters


Innate Abilities, Weirdness & Mutations

You are a hulking beast.
Your limbs bulge with bestial killing power. (Slay +4)
You are too large for most types of armour.
You have claws for hands.
You are clumsy. (Dex -2)
You are very dopey. (Int -4)
Your natural rate of healing is unusually fast.
You are covered in fur. (AC +1)
You have tough skin. (AC +1)
You cannot be stealthy.
You cannot study or use magical devices.
Your cowardice makes you less effective in combat with threatening foes.
You are somewhat unskilled. (-1 Apt)


Message History

The redback barely misses you. The wolf spider hits you!
You focus your inner power and blind the wolf spider in retribution!
The wolf spider bites you but does no damage.
The redback barely misses you.
The radroach bites you but does no damage.
The radroach barely misses you.
The redback bites you but does no damage.
You feel you are being watched by something.
You feel your power leaking away.
The spark wasp begins to attack, but is stunned by your conviction!
The tarantella is stunned by your conviction and fails to attack.
The demonic crawler hits you!
The demonic crawler hits you but does no damage. x2
The redback bites you.
You are lethally poisoned!
The redback poisons you!
You focus your inner power and illuminate the redback in retribution!
You redirect the wolf spider's attack!
The wolf spider misses itself. x2
The redback bites you but does no damage.
The radroach bites you but does no damage.
The radroach barely misses you.
The redback bites you but does no damage.
You climb upwards.
* * * LOW HITPOINT WARNING * * *
You feel extremely sick.
There is a stone staircase leading down here.
You are too confused!
You feel less confused.
* * * LOW HITPOINT WARNING * * *
You feel extremely sick.
The redback bites you but does no damage.
The redback bites you!
* * * LOW HITPOINT WARNING * * *
The redback bites you.
* * * LOW HITPOINT WARNING * * *
The radroach bites you but does no damage.
You block the radroach's attack. You block the redback's attack.
You die...
Ru respects your ultimate sacrifice.

.........# #...##......#..##
.....^...# ###.##...##....#
.........# ###..##..####...##
.........#####.....#..#
##..^#
.............##..##...#
##.###
#.#..^...#.#####s###..####.##
##......###.####s# ##..##.##
# #....######....#s# #..#.##
# ..##.# #^....#h## ##..## ##
##.### #.....#Bs###.#.# ##.
#### ##....#ss#..##.## ##.. #
### ###...s..#####.## ##.#.
### #^### ##....## ##.###.##.
..## #...# #.##...# #.##.####
...###...####.#....# ##...##
...##..##......#...#
##^....##
...#..###..#.......#
#^.....^##


You could see a radroach, a demonic crawler, a wolf spider (wandering, blind,
unable to see you), a culicivora, a tarantella and 3 redbacks.

Vanquished Creatures
  Jorgrun (D:13)
  A storm dragon (D:15)
  The ghost of Ponisiar the Deadly Accurate, a journeyman TrGl of Wu Jian (Orc:1)
  A ghost moth (Spider:3)
  An emperor scorpion (Spider:3)
  3 spark wasps
  The ghost of Iluushri the Fighter, a journeyman DjCK of Xom (Lair:3)
  Snorg (D:10)
  A fire dragon (D:15)
  An entropy weaver (shapeshifter) (D:15)
  An entropy weaver (Spider:3)
  Josephine (D:10)
  Fannar (D:10)
  4 vault guards (D:14)
  2 demonspawn (Orc:2)
  9 boulder beetles
  A radroach (Spider:1)
  2 ogre magi (D:14)
  Erolcha (D:11)
  A jorogumo (Spider:2)
  3 centaur warriors
  Erica (Lair:1)
  A death knight (D:15)
  4 catoblepae
  3 two-headed ogres
  10 death yaks
  A deep troll earth mage (D:15)
  3 demonic crawlers
  An occultist (Orc:1)
  5 orc high priests (Orc:2)
  Urug (Lair:5)
  Nergalle (Lair:2)
  A soul eater (Orc:2)
  A sun demon (Orc:2)
  Lodul (D:13)
  7 skeletal warriors
  3 orb spiders (Spider:1)
  A phantasmal warrior (D:15)
  4 steelbarb worms
  6 orc knights
  4 cyclopes
  5 manticores
  6 orc sorcerers (Orc:2)
  A moth of wrath (Spider:3)
  3 worldbinders (Orc:1)
  4 ugly things
  6 wolf spiders
  7 meliai
  Joseph (D:7)
  3 kobold blastminers
  7 black mambas
  16 elephants
  5 gargoyles
  An orange demon (Orc:2)
  A large abomination (Orc:1)
  4 torpor snails
  An unseen horror (D:13)
  Jeremiah (D:7)
  3 freezing wraiths (D:15)
  10 cane toads
  5 komodo dragons
  2 tengu conjurers (D:10)
  2 yaktaurs (D:14)
  3 merfolk (Lair:3)
  A polar bear (shapeshifter) (D:15)
  12 trolls
  15 tarantellas
  2 polar bears
  13 blink frogs
  Prince Ribbit (D:7)
  9 jumping spiders
  13 culicivoras
  5 wraiths
  45 yaks
  A warg (Orc:2)
  23 redbacks
  6 basilisks
  5 wyverns
  14 vampire mosquitoes
  A naga (shapeshifter) (D:15)
  4 steam dragons
  13 water moccasins
  Duvessa (D:6)
  A sky beast (D:8)
  An ice beast (D:7)
  A meliai simulacrum (D:15)
  24 orc warriors
  6 black bears
  14 ogres
  3 boggarts (D:15)
  10 centaurs
  14 wolves
  2 phantoms (D:6)
  5 kobold brigands
  12 bullfrogs
  9 gnoll sergeants (Bailey)
  6 scorpions
  Dowan (D:6)
  6 killer bees (D:9)
  4 howler monkeys
  6 electric eels (D:8)
  5 jellies
  3 bombardier beetles
  3 hounds
  5 gnoll boudas
  24 orc priests
  A sleepcap (D:5)
  4 iguanas
  17 orc wizards
  9 hell rats
  23 gnolls
  9 river rats (Lair:3)
  9 adders
  A shadow imp (D:7)
  2 white imps
  2 ufetubi (D:6)
  5 dart slugs
  4 ribbon worms
  48 orcs
  5 bats
  6 endoplasms
  3 giant cockroaches
  5 goblins
  7 hobgoblins
  4 jackals (D:1)
  6 quokkas
  7 ball pythons
  3 frilled lizards
  21 kobolds
  2 rats
746 creatures vanquished.

Vanquished Creatures (others)
  A spark wasp (Spider:3)
  A harpy (shapeshifter) (D:15)
  A torpor snail (Spider:3)
  An ancient zyme (Orc:1)
  A hornet (D:9)
  A tarantella (Spider:2)
  A yak (Lair:5)
  2 redbacks (Spider:1)
  A wolf (Lair:4)
  2 orcs (Orc:2)
  A kobold (D:8)
13 creatures vanquished.

Grand Total: 759 creatures vanquished

Notes
Turn   | Place    | Note
-------+----------+-------------------------------------------
     0 | D:1      | dolemite99 the Troll Shapeshifter began the quest for the
                  | Orb.
     0 | D:1      | Reached XP level 1. HP: 18/18 MP: 0/0
   131 | D:1      | Reached XP level 2. HP: 25/26 MP: 1/1
   490 | D:1      | Reached XP level 3. HP: 32/32 MP: 2/2
   593 | D:1      | Found a faded altar of an unknown god.
   600 | D:1      | Prayed at the altar of an unknown god.
   600 | D:1      | Became a worshipper of Ru the Awakened
   803 | D:2      | Gained mutation: You are somewhat unskilled. (-1 Apt) [Ru
                  | sacrifice]
   803 | D:2      | Reached * piety under Ru
   867 | D:2      | Found an ornate altar of the Wu Jian Council.
  1019 | D:2      | Reached XP level 4. HP: 32/40 MP: 3/3
  1165 | D:2      | Found Jobelene's Weapon Shoppe.
  2206 | D:3      | Found a bloodstained altar of Trog.
  2526 | D:4      | Reached XP level 5. HP: 46/46 MP: 4/4
  2669 | D:4      | Noticed a black bear
  2676 | D:4      | Reached skill level 5 in Shapeshifting
  2686 | D:4      | Killed a black bear
  3099 | D:4      | Reached XP level 6. HP: 42/54 MP: 5/5
  3105 | D:4      | Reached skill level 1 in Shields
  3241 | D:4      | Gained mutation: You cannot study or use magical devices.
                  | [Ru sacrifice]
  3241 | D:4      | Reached ** piety under Ru
  3241 | D:4      | Reached *** piety under Ru
  3241 | D:4      | Reached **** piety under Ru
  3750 | D:4      | Found a staircase to the Ecumenical Temple.
  3826 | D:4      | Found a sparkling altar of Nemelex Xobeh.
  3830 | D:4      | Found an iron altar of Okawaru.
  3832 | D:4      | Found a sacrificial altar of Ru.
  3940 | D:5      | Entered Level 5 of the Dungeon
  3948 | D:5      | Found a blossoming altar of Fedhas.
  3967 | D:5      | Reached XP level 7. HP: 60/61 MP: 6/6
  4879 | D:5      | Found a stormy altar of Qazlal.
  5123 | D:6      | Reached XP level 8. HP: 66/68 MP: 7/7
  5211 | D:6      | Reached skill level 5 in Unarmed Combat
  5725 | D:6      | Found a radiant altar of Vehumet.
  5738 | D:6      | Found a glowing golden altar of the Shining One.
  5875 | D:6      | Noticed Dowan
  5879 | D:6      | Noticed Duvessa
  5886 | D:6      | Killed Duvessa
  5888 | D:6      | Killed Dowan
  6763 | D:7      | Got Sif Muna's Grimoire of the Traveller
  6792 | D:7      | Noticed Prince Ribbit
  6797 | D:7      | Killed Prince Ribbit
  6798 | D:7      | Reached XP level 9. HP: 75/75 MP: 8/8
  6803 | D:7      | Noticed Jeremiah
  6965 | D:8      | Found a flagged portal.
  6971 | D:8      | Identified the +7 spear of Xoxeq Podd {flame, ^Contam Str+3
                  | Int+7 Dex-5}
  6975 | Bailey   | Entered a bailey
  8481 | D:8      | Found an ornate altar of the Wu Jian Council.
  8670 | D:8      | Reached XP level 10. HP: 83/83 MP: 9/9
  9604 | D:9      | Noticed a two-headed ogre
  9620 | D:9      | Killed a two-headed ogre
  9974 | D:9      | Reached skill level 5 in Fighting
 10248 | D:9      | Found a hide-covered altar of Uskayaw.
 10308 | D:9      | Noticed a manticore
 10319 | D:9      | Killed a manticore
 10550 | D:9      | Found Arphe's Armour Emporium.
 10854 | D:9      | Reached XP level 11. HP: 103/106 MP: 10/10
 11057 | D:10     | Entered Level 10 of the Dungeon
 11062 | D:10     | Found a staircase to the Lair.
 11062 | D:10     | Noticed Snorg
 11078 | D:10     | Reached skill level 1 in Armour
 11099 | D:10     | Killed Snorg
 11382 | D:10     | Found a basalt altar of Yredelemnul.
 11385 | D:10     | Noticed a death knight
 11387 | D:10     | Found an ancient bone altar of Kikubaaqudgha.
 11392 | D:10     | Gained mutation: You are dopey. (Int -2) [Ru sacrifice]
 11394 | D:10     | Found a transporter.
 11424 | D:10     | Found a transporter.
 11426 | D:10     | Noticed Fannar
 11452 | D:10     | Killed Fannar
 11533 | D:10     | Noticed a two-headed ogre
 11538 | D:10     | Killed a two-headed ogre
 11632 | D:10     | Noticed Josephine
 11640 | D:10     | Reached skill level 5 in Armour
 11649 | D:10     | Killed Josephine
 12311 | D:10     | Noticed a death knight
 12444 | D:11     | Noticed Erolcha
 12454 | D:11     | Killed Erolcha
 12693 | D:11     | Reached skill level 10 in Unarmed Combat
 12865 | Lair:1   | Entered Level 1 of the Lair of Beasts
 13207 | Lair:1   | Reached skill level 1 in Throwing
 13207 | Lair:1   | Reached XP level 12. HP: 115/115 MP: 11/11
 13295 | Lair:1   | Noticed Erica
 13322 | Lair:1   | Killed Erica
 14371 | Lair:1   | You fall into a shaft and drop 1 floor!
 14591 | Lair:2   | Noticed a boulder beetle
 14615 | Lair:2   | Killed a boulder beetle
 14671 | Lair:2   | Reached skill level 5 in Throwing
 14678 | Lair:2   | Gained mutation: You are clumsy. (Dex -2) [Ru sacrifice]
 14678 | Lair:2   | Reached ***** piety under Ru
 14719 | Lair:2   | Noticed a catoblepas
 14735 | Lair:2   | Killed a catoblepas
 14844 | Lair:2   | Noticed Nergalle
 14855 | Lair:2   | Killed Nergalle
 16206 | Lair:3   | Found a staircase to the Shoals.
 16421 | Lair:3   | Found a hole to the Spider Nest.
 16483 | Lair:3   | Reached skill level 5 in Shields
 16492 | Lair:3   | Reached XP level 13. HP: 113/122 MP: 12/12
 16769 | Lair:3   | Found a runed translucent door.
 17075 | Lair:3   | Gained mutation: You are very dopey. (Int -4) [Ru
                  | sacrifice]
 17136 | Lair:3   | Noticed Iluushri's ghost (journeyman DjCK)
 17190 | Lair:4   | Found a viscous altar of Jiyva.
 17215 | Lair:4   | Found a staircase to the Slime Pits.
 17455 | Lair:4   | Identified the blade talisman "Kizeas" {rC+ rN+}
 18412 | Lair:5   | Entered Level 5 of the Lair of Beasts
 18440 | Lair:5   | Identified the +7 quick blade of the Unseen Realm {protect,
                  | rC- rCorr Int+7}
 18562 | Lair:5   | Noticed Urug
 18597 | Lair:5   | Killed Urug
 18718 | Lair:4   | Reached skill level 10 in Shields
 19309 | Lair:5   | Gained mutation: Your cowardice makes you less effective in
                  | combat with threatening foes. [Ru sacrifice]
 19510 | Lair:5   | Reached XP level 14. HP: 108/120 MP: 4/13
 20587 | D:12     | Found a frozen archway.
 20695 | D:12     | Found a staircase to the Orcish Mines.
 20887 | D:12     | Identified the amulet "Mejam" {rN+++ Regen+}
 21451 | D:13     | Noticed Lodul
 21476 | Orc:1    | Entered Level 1 of the Orcish Mines
 21675 | Orc:1    | Found a transporter.
 21740 | Orc:1    | Found a transporter.
 21846 | Orc:1    | Found a one-way gate to the infinite horrors of the Abyss.
 21846 | Orc:1    | Noticed Ponisiar's ghost (journeyman TrGl)
 22084 | Orc:1    | Noticed a brown very ugly thing
 22109 | Orc:1    | Killed Ponisiar's ghost
 22284 | Orc:2    | Entered Level 2 of the Orcish Mines
 22313 | Orc:2    | Gained mutation: You cannot be stealthy. [Ru sacrifice]
 22313 | Orc:2    | Reached ****** piety under Ru
 22500 | Orc:2    | Found a staircase to the Elven Halls.
 23046 | Orc:2    | Found Fanalur's General Store.
 23049 | Orc:2    | Found Reggal's Magic Scroll Shoppe.
 23128 | Orc:2    | Bought a scroll of enchant armour for 90 gold pieces
 23763 | Orc:2    | Found a roughly hewn altar of Beogh.
 24088 | Orc:2    | Found Myelirul's Book Boutique.
 24088 | Orc:2    | Found Lutyiduu's Antique Weapon Shop.
 24088 | Orc:2    | Found a one-way gate leading to the halls of Pandemonium.
 24413 | Orc:2    | Bought a scroll of silence for 133 gold pieces
 24416 | Orc:2    | Bought 5 javelins for 180 gold pieces
 24416 | Orc:2    | Bought 5 poisoned darts for 36 gold pieces
 24619 | Orc:2    | Bought a scroll of identify for 28 gold pieces
 24619 | Orc:2    | Bought a scroll of identify for 28 gold pieces
 24619 | Orc:2    | Bought a scroll of identify for 28 gold pieces
 24691 | D:13     | Killed Lodul
 24710 | D:13     | Noticed Jorgrun
 24727 | D:13     | Killed Jorgrun
 24728 | D:13     | Reached XP level 15. HP: 118/128 MP: 9/14
 24795 | D:13     | Identified the +11 whip of Rofip {drain, ^Fragile rC+++
                  | rN++ rCorr Dex-5}
 24989 | D:13     | Found Efuago's Self-Published Books.
 25048 | D:13     | Reached skill level 10 in Armour
 26348 | D:14     | Found a gate to the Vaults.
 26532 | D:15     | Entered Level 15 of the Dungeon
 27648 | D:15     | Noticed a storm dragon
 27653 | D:15     | Reached skill level 10 in Fighting
 27656 | D:15     | Killed a storm dragon
 27852 | D:15     | Found a staircase to the Depths.
 28220 | D:7      | Killed Jeremiah
 28289 | D:7      | Noticed Joseph
 28320 | D:7      | Killed Joseph
 28694 | Lair:3   | Killed Iluushri's ghost
 28739 | Spider:1 | Entered Level 1 of the Spider Nest
 29685 | Spider:1 | Reached XP level 16. HP: 112/128 MP: 6/15
 30655 | Spider:2 | You fall into a shaft and drop 1 floor!
 30747 | Spider:2 | Paralysed by a jorogumo for 1 turns
 32047 | Spider:3 | Reached skill level 10 in Throwing
 33377 | Spider:4 | Entered Level 4 of the Spider Nest
 33434 | Spider:4 | Lost intelligence.
 34737 | Spider:3 | HP: 3/117 [redback (7)]
 34738 | Spider:3 | Succumbed to a redback's poison

Illustrated notes

Levels and vault maps discovered:
D:1:      orjb1_lava_funnel, layout_basic,
          hellmonk_ecumenical_altar_inner_sanctum
D:2:      layout_rooms, serial_shops, shop, basic_altar,
          hangedman_decor_slide_cut
D:3:      layout_loops_corners, nicolae_overflow_hidden_temple
D:4:      layout_loops_ring, minitemple, minmay_temple_entry_offerings,
          lemuel_flame_loot_1
D:5:      layout_rooms, amcnicky_altar_gilded, grunt_qazlal_clouds,
          nicolae_hexahallways, serial_park_tiny_2
D:6:      layout_basic, grunt_temple_overflow_open, uniq_duvessa
D:7:      layout_rooms, kennysheep_generic_room_10, uniq_prince_ribbit1,
          uniq_joseph, uniq_jeremiah
D:8:      cheibrodos_two_vegetables, layout_basic,
          pdpol_wu_jian_five_deadly_venoms, enter_bailey_2
D:9:      layout_cave_pods, eat_drink_and_be_merry_uskayaw, serial_shops,
          nicolae_square_shop
D:10:     layout_roguey, gammafunk_temple_of_torment, david_lair_generic,
          uniq_snorg, uniq_fannar, uniq_josephine
D:11:     layout_basic, uniq_erolcha
D:12:     layout_basic, orc_0_dummy, portal_ice_cave_entry_pillars_1
D:13:     layout_loops_ring, nicolae_custom_books, uniq_jorgrun, uniq_lodul
D:14:     layout_cave_pools, grunt_vaults_entry_fortified,
          nicolae_twisty_statue_hallways
D:15:     hellmonk_depths_entry_around_the_bend, layout_long_grid,
          nrook_mini_backslash
Lair:1:   layout_cave_pods, cheibrodos_lair_caveside_slide, uniq_erica
Lair:2:   layout_chaotic_city, uniq_nergalle
Lair:3:   layout_regular_city, mainiacjoe_shoals_entry_four_pools,
          nicolae_spider_entry_non_spiders, ebering_ghost_reflecting_pool,
          kennysheep_rathole
Lair:4:   layout_layer_cave, nicolae_slime_entry_field_trip,
          beast_lair_carwin_11
Lair:5:   evilmike_catoblepas_cave, layout_misc_corridors, serial_bayou_shore_b,
          uniq_urug
Spider:1: layout_spider_delve
Spider:2: layout_spider_delve, hangedman_spider_tarantella_strand
Spider:3: layout_chambers
Spider:4: hellmonk_spider_rune_bug_friends
Orc:1:    layout_diamond_mine, gammafunk_ghost_abyssal_escape
Orc:2:    pf_orc_diabolical, layout_diamond_mine, minmay_orc_temple_a

Skill      XL: |  1  2  3  4  5  6  7  8  9 10 11 12 13 14 15 16 |
---------------+-------------------------------------------------+-----
Shapeshifting  | 4 4 5 8 9 |  9.0
Unarmed Combat | 2 4 8 10 | 10.1
Shields        | 3 4 5 10 11 | 11.4
Fighting       | 6 7 11 | 11.5
Armour         | 6 9 10 | 10.2
Throwing       | 1 8 10 | 10.7
Dodging        | |  1.3

Action                     |  1- 3 |  4- 6 |  7- 9 | 10-12 | 13-15 | 16-18 || total
---------------------------+-------+-------+-------+-------+-------+-------++-------
  Melee: Unarmed           |    69 |    89 |   328 |   519 |   920 |   288 ||  2213
         Punch             |       |     1 |       |       |       |       ||     1
  Throw: Dart              |     8 |       |       |    80 |    80 |    46 ||   214
         Javelin           |       |    20 |     3 |       |       |       ||    23
         Boomerang         |       |       |    18 |    54 |   305 |       ||   377
 Invoke: Sacrifice Skill   |     1 |       |       |       |       |       ||     1
         Sacrifice Artific |       |     1 |       |       |       |       ||     1
         Reject Sacrifices |       |       |     1 |       |       |       ||     1
         Draw Out Power    |       |       |     1 |     2 |     1 |       ||     4
         Power Leap        |       |       |       |     6 |     1 |       ||     7
         Sacrifice Purity  |       |       |       |     2 |     1 |       ||     3
         Apocalypse        |       |       |       |       |    15 |     3 ||    18
         Sacrifice Courage |       |       |       |       |     1 |       ||     1
         Sacrifice Stealth |       |       |       |       |     1 |       ||     1
    Use: Potion            |       |     1 |       |       |     3 |    14 ||    18
         Scroll            |       |       |    18 |     3 |    13 |     3 ||    37
   Stab: Paralysed         |       |       |     1 |       |    24 |       ||    25
         Distracted        |       |       |       |     1 |     1 |     2 ||     4
         Invisible         |       |       |       |       |     5 |       ||     5
 Armour: Animal skin       |    43 |    68 |    14 |       |       |       ||   125
         Storm dragon scal |       |       |   243 |   359 |   477 |   384 ||  1463
  Dodge: Dodged            |    27 |    32 |   121 |   203 |   230 |    65 ||   678
  Block: Tower shield      |       |    61 |   346 |   337 |   781 |   398 ||  1923
         Reflection        |       |       |       |       |    36 |     4 ||    40

Table legend: (Time is in decaauts)
 A = Elapsed time spent in this place.
 B = Non-inter-level travel time spent in this place.
 C = Inter-level travel time spent in this place.
 D = Time resting spent in this place.
 E = Time spent auto-exploring this place.
 F = Levels seen in this place.
 G = Mean time per level.
                   A        B        C        D        E       F      G
               +--------+--------+--------+--------+--------+-----+--------+
         Total |  35476 |  33629 |   1847 |  13922 |  13667 |  27 | 1313.9 |
       Dungeon |  16700 |  15535 |   1165 |   5216 |   7544 |  15 | 1113.3 |
          Lair |   8404 |   8110 |    294 |   3481 |   3233 |   5 | 1680.8 |
   Spider Nest |   6023 |   5840 |    183 |   3303 |   1566 |   4 | 1505.8 |
  Orcish Mines |   3176 |   2972 |    204 |   1269 |   1086 |   2 | 1588.0 |
        Bailey |   1171 |   1171 |      0 |    652 |    238 |   1 | 1171.0 |
               +--------+--------+--------+--------+--------+-----+--------+

Top non-repeatable levels by time:
Spider:3: 4007 daAuts
   Orc:2: 2334 daAuts
  Lair:3: 2068 daAuts
  Lair:5: 1919 daAuts
     D:9: 1760 daAuts
     D:8: 1670 daAuts
  Lair:1: 1585 daAuts
     D:6: 1552 daAuts
  Lair:2: 1512 daAuts
    D:15: 1481 daAuts
     D:4: 1450 daAuts
  Lair:4: 1319 daAuts
     D:3: 1268 daAuts
    D:10: 1191 daAuts
  Bailey: 1171 daAuts
